 Dungeon Crawl Stone Soup version 0.16.1 (webtiles) character file.

42105 Fiveotanaka the Bludgeoner (level 13, 0/116 HPs)
             Began as a Minotaur Gladiator on Mar 24, 2015.
             Was the Champion of Makhleb.
             Slain by a death yak (8 damage)
             ... on level 7 of the Lair of Beasts.
             The game lasted 00:35:47 (16835 turns).

Fiveotanaka the Bludgeoner (Minotaur Gladiator)    Turns: 16835, Time: 00:35:47

Health: 0/116      AC: 17    Str: 20    XL:     13   Next: 83%
Magic:  5/5        EV: 18    Int:  5    God:    Makhleb [******]
Gold:   741        SH:  0    Dex: 16    Spells: 0 memorised, 12 levels left

rFire  . . .     SeeInvis .     C - -1 great sword "Xaen" {freeze, rElec rF+} (curse)
rCold  + + +     Clarity  .     Y - +0 ice dragon armour
rNeg   . . .     SustAb   .     (no shield)
rPois  .         Gourm    .     c - +0 hat
rElec  +         Spirit   .     y - +0 cloak
rCorr  .         Warding  .     h - +0 pair of gloves
rMut   .         Stasis   .     (no boots)
MR     .....                    k - amulet of regeneration
Stlth  ..........               (no ring)
                                m - ring of protection from cold

@: lethally poisoned (0 -> 0), not resistant to hostile enchantments, extremely
unstealthy
A: retaliatory headbutt, horns 2
a: Minor Destruction, Lesser Servant of Makhleb, Major Destruction, Greater
Servant of Makhleb, Renounce Religion


You were on level 7 of the Lair of Beasts.
You worshipped Makhleb.
Makhleb was exalted by your worship.
You were not hungry.

You visited 2 branches of the dungeon, and saw 19 of its levels.
You also visited: Bailey and Ice Cave.

You collected 741 gold pieces.

Inventory:

Hand weapons
 C - the cursed -1 great sword "Xaen" (weapon) {freeze, rElec rF+}
   (You found it in an ice cave)

   It has been specially enchanted to freeze those struck by it, causing extra
   injury to most foes and up to half again as much damage against particularly
   susceptible opponents.
   It can also slow down cold-blooded creatures.
   It protects you from fire.
   It insulates you from electricity.
   It has a curse placed upon it.
 M - a +1 vampiric morningstar
Missiles
 d - 4 throwing nets (quivered)
Armour
 c - a +0 hat (worn)
 h - a +0 pair of gloves (worn)
 y - a +0 cloak (worn)
 Y - a +0 ice dragon armour (worn)
Jewellery
 k - an amulet of regeneration (around neck)
 m - a ring of protection from cold (left hand)
 x - an uncursed ring of poison resistance {unknown}
 G - an uncursed amulet of warding
 I - an uncursed amulet of resist corrosion
Magical devices
 A - a wand of cold (9)
 B - a wand of disintegration (14)
 V - a wand of fire (4)
Scrolls
 e - 2 scrolls of recharging
 j - 5 scrolls of fear
 n - 6 scrolls of blinking
 o - 4 scrolls of magic mapping
 q - a scroll of identify
 s - 3 scrolls of enchant weapon
 z - 5 scrolls of enchant armour
 E - 3 scrolls of amnesia
 R - 5 scrolls of teleportation
Potions
 b - 3 potions of flight {unknown}
 i - 4 potions of haste
 t - 7 potions of brilliance
 u - 5 potions of curing
 v - 2 potions of poison {unknown}
 w - 6 potions of agility
 H - 2 potions of might {unknown}
 J - 2 potions of heal wounds
 L - a potion of resistance {unknown}
 N - a potion of cure mutation {unknown}
 O - 2 potions of invisibility
 P - 2 potions of cancellation {unknown}
 S - a potion of berserk rage {unknown}
 T - a potion of beneficial mutation {unknown}
 Z - a potion of restore abilities {unknown}
Books
 a - a Fen Folio

   Spells                             Type                      Level
   a - Corpse Rot                     Necromancy                   2
   b - Stone Arrow                    Conjuration/Earth            3
   c - Leda's Liquefaction            Hexes/Earth                  4
   d - Summon Forest                  Summoning/Translocation      5
   e - Hydra Form                     Transmutation                6
   f - Summon Hydra                   Summoning                    7
 l - a book of Transfigurations

   Spells                             Type                      Level
   a - Stoneskin                      Transmutation/Earth          2
   b - Irradiate                      Conjuration/Transmutation    5
   c - Statue Form                    Transmutation/Earth          6
   d - Hydra Form                     Transmutation                6
   e - Dragon Form                    Transmutation                7
 D - a book of Hinderance

   Spells                             Type                      Level
   a - Confusing Touch                Hexes                        2
   b - Confuse                        Hexes                        3
   c - Petrify                        Transmutation/Earth          4
   d - Metabolic Englaciation         Hexes/Ice                    5
   e - Gell's Gravitas                Hexes/Translocation          5
   f - Summon Mana Viper              Hexes/Summoning              5
 K - a Young Poisoner's Handbook

   Spells                             Type                      Level
   a - Sting                          Conjuration/Poison           1
   b - Cure Poison                    Poison                       2
   c - Mephitic Cloud                 Conjuration/Poison/Air       3
   d - Olgreb's Toxic Radiance        Poison                       4
   e - Venom Bolt                     Conjuration/Poison           5
 Q - a book of Enchantments

   Spells                             Type                      Level
   a - Tukima's Dance                 Hexes                        3
   b - Cause Fear                     Hexes                        4
   c - Silence                        Hexes/Air                    5
   d - Deflect Missiles               Charms/Air                   6
   e - Haste                          Charms                       6
   f - Discord                        Hexes                        8
 U - a book of Callings

   Spells                             Type                      Level
   a - Summon Small Mammal            Summoning                    1
   b - Call Imp                       Summoning                    2
   c - Call Canine Familiar           Summoning                    3
   d - Summon Guardian Golem          Hexes/Summoning              4
   e - Summon Lightning Spire         Summoning/Air                4
   f - Summon Ice Beast               Ice/Summoning                4
 X - a book of Ice

   Spells                             Type                      Level
   a - Ice Form                       Ice/Transmutation            4
   b - Metabolic Englaciation         Hexes/Ice                    5
   c - Ozocubu's Refrigeration        Ice                          6
   d - Bolt of Cold                   Conjuration/Ice              6
   e - Freezing Cloud                 Conjuration/Ice/Air          6
   f - Simulacrum                     Ice/Necromancy               6
Comestibles
 f - 9 bread rations
 p - a beef jerky
 r - 17 fruits
 F - 13 royal jellies
 W - 5 meat rations


   Skills:
 + Level 11.3 Fighting
 - Level 18.0 Maces & Flails
 - Level 2.0 Throwing
 + Level 12.4 Armour
 + Level 13.0 Dodging


You had 12 spell levels left.
You didn't know any spells.

Dungeon Overview and Level Annotations

Branches:
Dungeon (11/15)            Temple (0/1) D:6            Lair (8/8) D:10
 Shoals (0/5) Lair:3       Spider (0/5) Lair:3
  Slime: Lair:6-8       Orc: D:9-12

Altars:
Dithmenos
Fedhas
Makhleb
Qazlal
Ru
Vehumet
Xom
Yredelemnul

Shops:
D:8 [

Portals:
Trove: D:10 (give +4 ice dragon armour)

Annotations:
D:9 exclusion: statue
Lair:7 exclusion: oklob plant


Innate Abilities, Weirdness & Mutations

You reflexively headbutt those who attack you in melee.
You have a pair of horns on your head.


Message History

* * * LOW HITPOINT WARNING * * *
The death yak gores you but does no damage.
You hit the death yak. You freeze the death yak. You headbutt the death yak!
The death yak is heavily wounded.
The death yak gores you.
* * * LOW HITPOINT WARNING * * *
You barely miss the death yak.
The death yak is heavily wounded.
You feel sick. The death yak barely misses you.
The death yak barely misses you. You furiously retaliate!
You headbutt the death yak. You barely miss the death yak.
The death yak is severely wounded.
The death yak gores you!
* * * LOW HITPOINT WARNING * * *
You barely miss the death yak.
You headbutt the death yak, but do no damage.
The death yak is severely wounded.
You feel sick. The death yak gores you!
You die...

##..#
#......รท..#.##......P.##PP.
PP..###......###.##............PP
>....###...#.# ####............P.
.....##############.............P
......#########..................
..P..#.....>..............P....#.
.#PP####.......#....P.#.....##.##
#....###......###..#......###..#.
.#...#........##@...##.....#.....
.....##.......tY.....#....##.....
..............FP.....#....#......
#....P.#..[..>.P....##.....##....
..#.P.#........#P#.####....##..#.
##..###.......#########.....##.##
.#.............####.........#..P#
.................................
...(.............................


You could see a death yak, a spiny frog and a crocodile.

Vanquished Creatures
  Fannar (Lair:7)
  An ice dragon (Lair:7)
  3 hydras
  9 death yaks
  2 ice statues (IceCv)
  Pikel (D:7)
  A necromancer (IceCv)
  A hill giant (D:10)
  A griffon (Lair:3)
  4 elephants (Lair:3)
  A siren (Lair:3)
  2 black mambas
  Joseph (D:8)
  The ghost of Fiveotanaka the Basher, an experienced MiGl (D:6)
  2 torpor snails
  6 komodo dragons
  11 spiny frogs
  3 fire drakes
  6 polar bears
  2 trolls (D:10)
  Grinder (D:3)
  13 blink frogs
  5 blue devils (IceCv)
  3 basilisks
  A spriggan (Lair:2)
  17 yaks
  8 hippogriffs
  Eustachio (D:7)
  A hungry ghost (D:9)
  A steam dragon (Lair:5)
  13 wolves
  10 water moccasins
  Menkaure (D:6)
  5 orc warriors
  2 wasps
  A black bear (D:9)
  2 necrophages
  3 sky beasts
  13 porcupines
  6 ice beasts
  A slave (D:7)
  3 centaurs
  5 ogres
  A phantom (D:8)
  Sigmund (D:3)
  A big kobold (D:10)
  14 crocodiles
  4 giant frogs
  A gnoll sergeant (D:5)
  A wyvern skeleton (D:10)
  2 scorpions
  5 killer bees (D:10)
  3 crimson imps
  An electric eel (Lair:3)
  A giant frog zombie (D:10)
  A centaur zombie (D:5)
  4 draconian simulacra (IceCv)
  4 goliath beetles (Lair:3)
  3 wights (D:6)
  3 giant frog skeletons
  3 jellies (D:9)
  8 orc priests
  14 hounds
  A centaur skeleton (D:7)
  6 worker ants
  Natasha (thrice) (D:3)
  12 orc wizards
  6 iguanas
  17 sheep
  A troll simulacrum (IceCv)
  Ijyb (D:4)
  A centaur simulacrum (IceCv)
  2 mummies
  A hound zombie (D:5)
  A hound skeleton (D:6)
  8 gnolls
  A worker ant zombie (D:9)
  18 adders
  3 naga simulacra (IceCv)
  67 river rats
  An ogre simulacrum (IceCv)
  3 shadow imps
  4 giant mites
  6 worms
  An adder zombie (D:8)
  An adder skeleton (D:3)
  3 giant geckos
  5 oozes (D:9)
  31 orcs
  11 bats
  2 bat skeletons
  A bat zombie (D:3)
  5 giant cockroaches
  12 goblins
  17 hobgoblins
  19 jackals
  23 kobolds
  A ball python (D:5)
  A giant cockroach zombie (D:3)
  A giant gecko skeleton (D:3)
  5 giant newts
  A giant spore (D:6)
  11 quokkas
  3 quokka skeletons
  11 rats
  3 ballistomycetes (D:6)
  A butterfly (Lair:6)
582 creatures vanquished.

Vanquished Creatures (others)
  A giant spore (D:6)
1 creature vanquished.

Grand Total: 583 creatures vanquished

Notes
Turn   | Place    | Note
--------------------------------------------------------------
     0 | D:1      | Fiveotanaka, the Minotaur Gladiator, began the quest for the Orb.
     0 | D:1      | Reached XP level 1. HP: 18/18 MP: 1/1
    75 | D:1      | Reached skill level 4 in Maces & Flails
    94 | D:1      | Reached XP level 2. HP: 15/25 MP: 1/1
   558 | D:2      | Reached skill level 5 in Maces & Flails
   681 | D:2      | Found a sacrificial altar of Ru.
   751 | D:2      | Reached XP level 3. HP: 28/30 MP: 2/2
  1395 | D:3      | Found a basalt altar of Yredelemnul.
  1395 | D:3      | Noticed Grinder
  1404 | D:3      | Paralysed by Grinder for 7 turns
  1475 | D:3      | Killed Grinder
  1475 | D:3      | Reached skill level 8 in Maces & Flails
  1475 | D:3      | Reached XP level 4. HP: 22/37 MP: 2/2
  1475 | D:3      | Reached XP level 5. HP: 24/42 MP: 2/2
  1546 | D:3      | Reached XP level 6. HP: 33/50 MP: 3/3
  1595 | D:3      | Noticed Sigmund
  1607 | D:3      | Killed Sigmund
  1779 | D:3      | Noticed Natasha
  1788 | D:3      | Killed Natasha
  1788 | D:3      | Reached skill level 9 in Maces & Flails
  1875 | D:3      | Reached skill level 1 in Armour
  2095 | D:3      | Reached XP level 7. HP: 38/56 MP: 3/3
  2202 | D:3      | Noticed Natasha
  2209 | D:3      | Killed Natasha
  2380 | D:3      | Noticed Natasha
  2382 | D:3      | Killed Natasha
  2838 | D:4      | Noticed Ijyb
  2849 | D:4      | Killed Ijyb
  3247 | D:5      | Entered Level 5 of the Dungeon
  3359 | D:5      | Found a burning altar of Makhleb.
  3373 | D:5      | Became a worshipper of Makhleb the Destroyer
  3430 | D:5      | Reached skill level 10 in Maces & Flails
  4042 | D:5      | Reached XP level 8. HP: 62/62 MP: 3/3
  4125 | D:5      | Found a stormy altar of Qazlal.
  4148 | D:5      | Reached skill level 5 in Dodging
  4202 | D:6      | Noticed Fiveotanaka's ghost (experienced MiGl)
  4214 | D:6      | Killed Fiveotanaka's ghost
  4214 | D:6      | Acquired Makhleb's first power
  4214 | D:6      | Reached skill level 5 in Armour
  4501 | D:6      | Noticed Menkaure
  4512 | D:6      | Killed Menkaure
  4735 | D:6      | Found a shadowy altar of Dithmenos.
  4770 | D:6      | Reached skill level 11 in Maces & Flails
  5214 | D:6      | Found a staircase to the Ecumenical Temple.
  5244 | D:6      | Reached XP level 9. HP: 60/68 MP: 4/4
  5315 | D:6      | Found a blossoming altar of Fedhas.
  5417 | D:6      | Acquired Makhleb's second power
  5986 | D:8      | Noticed Eustachio
  5986 | D:8      | Noticed Pikel
  6003 | D:8      | Noticed Joseph
  6016 | D:7      | Killed Pikel
  6016 | D:7      | Reached skill level 12 in Maces & Flails
  6127 | D:7      | Killed Eustachio
  6206 | D:8      | Killed Joseph
  6424 | D:8      | Acquired Makhleb's third power
  6557 | D:8      | Found Bykyory's Antique Armour Emporium.
  6817 | D:9      | Reached XP level 10. HP: 74/74 MP: 4/4
  6973 | D:9      | Reached skill level 13 in Maces & Flails
  6978 | D:9      | Found a radiant altar of Vehumet.
  7055 | D:9      | Acquired Makhleb's fourth power
  7554 | D:10     | Entered Level 10 of the Dungeon
  7711 | D:10     | Reached skill level 14 in Maces & Flails
  7756 | D:10     | Found a flagged portal.
  7772 | Bailey   | Entered a bailey
  7812 | Bailey   | Acquired Makhleb's fifth power
  7831 | Bailey   | Found a burning altar of Makhleb.
  8165 | D:10     | Found a staircase to the Lair.
  8230 | D:10     | Found a portal to a secret trove of treasure.
  8837 | D:10     | Found a shadowy altar of Dithmenos.
  8857 | D:10     | Noticed a hill giant
  8864 | D:10     | Killed a hill giant
  8864 | D:10     | Reached XP level 11. HP: 81/83 MP: 4/4
  9232 | Lair:1   | Entered Level 1 of the Lair of Beasts
  9652 | Lair:1   | Reached skill level 10 in Dodging
 10722 | Lair:2   | Found a shimmering altar of Xom.
 10823 | Lair:2   | Reached skill level 10 in Armour
 11291 | Lair:3   | Reached skill level 5 in Fighting
 11295 | Lair:3   | Reached skill level 15 in Maces & Flails
 11343 | Lair:3   | Found a hole to the Spider Nest.
 11739 | Lair:3   | Noticed a four-headed hydra
 11746 | Lair:3   | Killed a four-headed hydra
 11779 | Lair:3   | Found a staircase to the Shoals.
 11892 | Lair:3   | Noticed a six-headed hydra
 11904 | Lair:3   | Killed a six-headed hydra
 11904 | Lair:3   | Reached XP level 12. HP: 82/97 MP: 5/5
 12386 | Lair:4   | Reached skill level 16 in Maces & Flails
 12680 | Lair:4   | Got a transparent chain mail
 12691 | Lair:4   | Identified the +1 chain mail "Zosainn" {rC- Slay+4} (You found it on level 4 of the Lair of Beasts)
 14103 | Lair:5   | Reached skill level 17 in Maces & Flails
 14110 | Lair:5   | Reached XP level 13. HP: 90/111 MP: 5/5
 14954 | Lair:6   | Reached skill level 10 in Fighting
 15570 | Lair:7   | Noticed Fannar
 15587 | Lair:7   | Killed Fannar
 15634 | Lair:7   | Found a frozen archway.
 15721 | IceCv    | Entered an ice cave
 15844 | IceCv    | Got a transparent great sword
 16153 | Lair:7   | Found a runed door.
 16189 | Lair:7   | Reached skill level 18 in Maces & Flails
 16201 | Lair:7   | Identified the cursed -1 great sword "Xaen" {freeze, rElec rF+} (You found it in an ice cave)
 16810 | Lair:8   | Entered Level 8 of the Lair of Beasts
 16835 | Lair:7   | Slain by a death yak

Action                   |  1- 3 |  4- 6 |  7- 9 | 10-12 | 13-15 || total
-------------------------+-------+-------+-------+-------+-------++-------
Melee: Flail             |    80 |    96 |   418 |  1105 |       ||  1699
       Morningstar       |       |       |       |    77 |   425 ||   502
       Great sword       |       |       |       |       |    51 ||    51
Evoke: Wand              |       |       |     1 |       |       ||     1
  Use: Potion            |     2 |       |     3 |     2 |       ||     7
       Scroll            |       |       |     6 |     6 |     9 ||    21
 Stab: Confused          |       |       |     1 |       |       ||     1
  Eat: Meat ration       |     1 |       |       |     1 |       ||     2
       Chunk             |       |       |    14 |    22 |    10 ||    46
       Fruit             |       |       |       |     2 |       ||     2
       Beef jerky        |       |       |       |     2 |       ||     2
